[Event "Chpt France Universitaire 2024"]
[Site "Bastia, France"]
[Date "2024.04.07"]
[Round "7.8"]
[White "Arcelin, Gael"]
[Black "Pheng, Wissam"]
[Result "0-1"]
[TimeControl "15min+5s"]
[WhiteElo "2126"]
[BlackElo "1975"]

1. d4 d5 2. c4 dxc4 3. Nf3 c6 4. e3 Be6 5. Nc3 b5 6. Ng5 Bd7 7. a4 e6 8. Nf3 Nf6 9. Ne5 b4 10.
Na2 c5 11. Bxc4 Nc6 12. O-O Bd6 13. Nxd7 Qxd7 14. dxc5 Bxc5 15. Bb5 a6 16. Qxd7+ Kxd7 17. Rd1+ Kc7 18. Be2 Rhd8 19. Bd2 a5 20. Rac1 Kb6 21. Be1 Rac8 22. Kf1 Ne5 23. Bb5 Ne4 24.
Rb1 Be7 25. Rxd8 Rxd8 26. Rc1 Nc5 27. Ke2 Ned3 28. Rb1 Nxe1 29. Kxe1 Nb3 30. Rd1 Rxd1+ 31. Kxd1 Bf6 32. Kc2 Nc5 33. Nc1 Ne4 34. f3 Nd6 35. Bd3 g6 36. Nb3 Nb7 37. Nd4 Nc5 38. Bb5 Be5 39. g3 f6 40. Ne2 b3+ 41. Kc1 Bd6 42. Nc3 Be7 43. Kd2 h6 44. Bc4 Kc6 45. Bb5+ Kb6 46. Ke2 g5 47. e4 Bd6 48. Ke3 Be5 49. Bc4 Bxc3 50. bxc3 b2 51. Ba2 Nxa4 52. Kd3 e5 53. Kc2 Kc5 54. Bb3 b1=Q+ 55. Kxb1 Nxc3+ 56. Kc2 Ne2 57. Kd2 Nd4 58. Ba4 Kb4 59. Be8 a4 60. Kc1 Kb3 61. f4 a3 62. Kb1 a2+ 63.
Ka1 Nc2# 0-1

[Event "Chpt France Universitaire 2024"]
[Site "Bastia, France"]
[Date "2024.04.07"]
[Round "7.9"]
[White "Aghamir Alrobiai, Nizar"]
[Black "Sumarriva Paulin, Laura"]
[Result "1/2-1/2"]
[TimeControl "15min+5s"]
[WhiteElo "2098"]
[BlackElo "2046"]

1. e4 e6 2. d4 d5 3. Nd2 c5 4. Ngf3 Nc6 5. exd5 exd5 6. Be2 Nf6 7. O-O cxd4 8. Nb3 Bd6 9. Nbxd4 O-O 10.
Bg5 Bg4 11. h3 Bh5 12. Nf5 Bc7 13. Bh4 Bg6 14. N3d4 Qd7 15. Bg4 Nxg4 16. Qxg4 Ne5 17. Ne7+ Kh8 18. Qxd7 Nxd7 19. Nxg6+ hxg6 20.
Rad1 Be5 21. c3 Bf6 22. Bxf6 Nxf6 23. Rd3 Rad8 24. Rfd1 a6 25. Nf3 Rd6 26. Ne5 Kg8 27. Rd4 b5 28.
Nd3 Rfd8 29. Nc5 Rc8 30. Nd3 Rcd8 31. a4 Rb8 32. axb5 axb5 33. Nb4 Rbd8 34. g4 g5 35. h4 gxh4 36.
g5 Ne4 37. Nxd5 Kf8 38. f4 Ng3 39. Kh2 Nf5 40. R4d3 Ne7 41. Nb4 Rxd3 42. Rxd3 Rxd3 43. Nxd3 Nf5 44. Kh3 Ke7 45. Ne5 g6 46.
Nf3 Ke6 47. Nxh4 Ne3 48. Nf3 Nd1 49. Nd4+ Kd5 50. Nxb5 Nxb2 51. Kg4 Na4 52. Nc7+ Kc6 53. Ne8 Nxc3 54. Nf6 Kd6 55. Kf3 Ke6 56.
Ng4 Nd5 57. Ne5 Nc3 58. Ke3 Nd5+ 59. Ke4 Ne7 60. Nd3 Nc6 61. Nc5+ Kd6 62. Nb7+ Ke6 63. Nc5+ Kd6 64. Nd3 Ke6 65.
Nf2 Ne7 66. Ng4 Nc6 67. Nf6 Ne7 68. Ne8 Nf5 69. Nc7+ Kd7 70. Nd5 Ke6 71. Nc7+ Kd7 72. Nb5 Ke6 73. Nc7+ Kd7 74. Nd5 Ke6 75. Nc3 Kd6 76. Ne2 Ke6 77. Nc1 Kd6 78. Nd3 Ke6 79. Ne5 Ne7 80. Nf3 Nf5 81. Nd4+ Nxd4 82. Kxd4 Kf5 83.
Ke3 f6 84. gxf6 Kxf6 85. Ke4 g5 86. fxg5+ Kxg5 1/2-1/2

[Event "Chpt France Universitaire 2024"]
[Site "Bastia, France"]
[Date "2024.04.07"]
[Round "7.10"]
[White "Courjal, Pauline"]
[Black "Pacteau, Andre"]
[Result "0-1"]
[TimeControl "15min+5s"]
[WhiteElo "1982"]
[BlackElo "2099"]

1. d4 Nf6 2. c4 g6 3. g3 Bg7 4. Bg2 d6 5. Nc3 O-O 6. Nf3 Nc6 7. O-O Bg4 8. d5 Bxf3 9. exf3 Na5 10.
Qd3 c5 11. dxc6 bxc6 12. b4 Nb7 13. f4 d5 14. Be3 e6 15. Rab1 Nd6 16. Bc5 Re8 17. Bxd6 Qxd6 18. b5 Rec8 19.
Rfc1 Qa3 20. Qe2 cxb5 21. Nxb5 Qc5 22. Qe3 Qxe3 23. fxe3 Bf8 24. Nd4 Rab8 25. Rxb8 Rxb8 26. c5 Rc8 27. c6 Ng4 28. Rc3 Bg7 29.
Ra3 Nxe3 30. Nb5 Nxg2 31. Kxg2 Rxc6 32. Rxa7 Bf6 33. a4 d4 34. Rd7 Rc4 35. a5 Ra4 36. a6 Rxa6 37. Nxd4 Ra2+ 38. Kf3 Rd2 39. Ke3 Rxd4 40. Rxd4 Bxd4+ 41. Kxd4 Kg7 42. Ke5 h6 43. h3 g5 44.
f5 exf5 45. Kxf5 f6 46. Ke6 h5 47. Kf5 Kf7 48. h4 g4 49. Kf4 Ke6 50. Ke4 f5+ 51. Kd4 Kd6 52. Ke3 Ke5 53. Kf2 Kd4 54. Kg2 Ke3 0-1

[Event "Chpt France Universitaire 2024"]
[Site "Bastia, France"]
[Date "2024.04.07"]
[Round "7.11"]
[White "Lordier, Sophia"]
[Black "Dubuisson, Samuel"]
[Result "0-1"]
[TimeControl "15min+5s"]
[WhiteElo "1934"]
[BlackElo "2129"]

1. d4 Nf6 2. c4 e6 3. g3 d5 4.
Nf3 Be7 5. Bg2 O-O 6. O-O c6 7. Qc2 Nbd7 8. Nbd2 b6 9. e4 dxc4 10. Nxc4 Bb7 11. Bf4 c5 12. Rfe1 cxd4 13. Nxd4 Rc8 14.
Qa4 Nc5 15. Qd1 Bxe4 16. Bxe4 Ncxe4 17. Rc1 Bc5 18. Be3 Qd5 19. Nf3 Qh5 20. Bxc5 Rxc5 21. Qd3 Rd5 22. Qa3 Rfd8 23. Re3 Qf5 24.
Rf1 Qh3 25. Qb3 Rh5 26. Rd1 Rf8 27. Nce5 Ng5 28. Red3 Nxf3+ 29. Nxf3 Ng4 30. Rd8 g6 31. Qb4 Rc5 32. Qd4 Rxd8 33. Qxd8+ Kg7 34. Qd4+ e5 35. Qb4 Qh5 36. Qe4 Nxh2 0-1

[Event "Chpt France Universitaire 2024"]
[Site "Bastia, France"]
[Date "2024.04.07"]
[Round "7.12"]
[White "Destic, Elena"]
[Black "Blanquet, Camille"]
[Result "0-1"]
[TimeControl "15min+5s"]
[WhiteElo "1946"]
[BlackElo "2035"]

1. e4 c6 2. d4 d5 3. e5 c5 4. Nf3 cxd4 5. Nxd4 Nc6 6. Nxc6 bxc6 7. Bd3 e6 8. O-O Ne7 9. c4 Qc7 10. f4 Qb6+ 11. Kh1 Bd7 12. Nc3 Ng6 13. a4 Bb4 14. Qe2 Ne7 15. Bd2 Rd8 16. a5 Qb8 17. Qg4 g6 18. Qf3 Bc8 19. a6 dxc4 20. Be4 Rxd2 21. Bxc6+ Kf8 22. Rfd1 Rd3 23. Rxd3 cxd3 24. Be4 d2 25. Qd3 Kg7 26. Qxd2 Qb6 27. Qe2 Rd8 28. h3 Nf5 29. Bxf5 exf5 30. Qc4 Be6 31. Qe2 Qc5 32. Na4 Qd4 33. Rf1 Bc4 34. Qf3 Bxf1 35. Qxf1 Qd1 36.
Qxd1 Rxd1+ 37. Kh2 Ra1 0-1

[Event "Chpt France Universitaire 2024"]
[Site "Bastia, France"]
[Date "2024.04.07"]
[Round "8.1"]
[White "Gatineau, Yovann"]
[Black "Rakotomaharo, Fy Antenaina"]
[Result "1-0"]
[TimeControl "15min+5s"]
[WhiteElo "2408"]
[BlackElo "2448"]

1. d4 d5 2. c4 e6 3. Nf3 Nf6 4.
Nc3 Bb4 5. Bg5 dxc4 6. e4 h6 7. Bxf6 Qxf6 8. Bxc4 c5 9. O-O cxd4 10. e5 Qd8 11. Ne4 O-O 12. Qe2 Nc6 13. Bd3 Be7 14.
a3 Qc7 15. Ng3 Rd8 16. h4 Rd5 17. Rfe1 Bd7 18. Qe4 g6 19. h5 Be8 20. hxg6 fxg6 21. Nh5 Nxe5 22. Nxe5 Qxe5 23. Qxe5 Rxe5 24.
Rxe5 gxh5 25. Rxe6 Bf8 26. Rc1 Bc6 27. Be4 Kf7 28. Re5 Bg7 29. Rf5+ Ke6 30. Bd3 Kd6 31. Rxh5 Re8 32. Rh4 Re7 33.
Rg4 Kc7 34. Kf1 Kb6 35. Re1 Rc7 36. Rg6 a6 37. Rge6 Bf8 38. R1e4 Rd7 39. Rf4 Bg7 40. Rg4 Ka7 41. Reg6 Bf8 42.
Rg8 Bc5 43. b4 Bb6 44. Rh8 Bd5 45. Rxh6 Rc7 46. Rd6 Bc6 47. Rg8 Ba4 48.
Rgg6 Rc1+ 49. Ke2 Bc7 50.
Rxd4 Ra1 51. Rc4 Ra2+ 52. Ke3 Bd8 53. Rc3 Be7 54. Re6 Bf8 55. g4 Bg7 56. Rc7 Bf8 57. Rf6 Rxa3 58. Rxf8 Bb5 59. Rd8 Rb3 60. g5 1-0

[Event "Chpt France Universitaire 2024"]
[Site "Bastia, France"]
[Date "2024.04.07"]
[Round "8.2"]
[White "Roux, Baptiste"]
[Black "Dalaud, Dorian"]
[Result "0-1"]
[TimeControl "15min+5s"]
[WhiteElo "2361"]
[BlackElo "2307"]

1. e4 Nc6 2. Nf3 e5 3. Bb5 a6 4. Ba4 Nf6 5. O-O b5 6. Bb3 Bb7 7. Re1 Bc5 8. c3 d6 9. d4 Bb6 10. a4 h6 11. Qd3 O-O 12. Nbd2 Re8 13.
d5 Ne7 14. Nf1 c6 15. dxc6 Bxc6 16. Ng3 Ng4 17. Re2 Qc7 18. h3 Nf6 19. Nh4 d5 20. exd5 Nexd5 21. Ngf5 e4 22. Qc2 Qe5 23.
Be3 Nxe3 24. Nxe3 Bc7 25. g3 Bd7 26. Kh2 Qh5 27. Rd1 Qxh4 28. Rxd7 Nxd7 29. Nd5 Qd8 30. Rxe4 Rxe4 31. Qxe4 Nc5 32.
Ne7+ Kh8 0-1

[Event "Chpt France Universitaire 2024"]
[Site "Bastia, France"]
[Date "2024.04.07"]
[Round "8.3"]
[White "Baroyan, Davit"]
[Black "Budak, Rewi"]
[Result "0-1"]
[TimeControl "15min+5s"]
[WhiteElo "2118"]
[BlackElo "2112"]

1. Nf3 c5 2. g3 d5 3. Bg2 Nc6 4. d4 cxd4 5. Nxd4 Nf6 6. O-O Bg4 7. Nxc6 bxc6 8. c4 Qd7 9. Nc3 e6 10. Qa4 Be7 11. e4 dxe4 12. Nxe4 Rc8 13.
Be3 Nxe4 14. Bxe4 O-O 15. f3 f5 16. Rad1 Qb7 17. fxg4 fxe4 18. Qxa7 Qxa7 19. Bxa7 Ra8 20. Rxf8+ Bxf8 21. Be3 Rxa2 22. Rd8 Kf7 23. Bd4 Ra1+ 24. Kf2 Rd1 25. Ke2 Rd3 26. Bb6 Rb3 27.
Bd4 Rd3 28. Bb6 Rb3 29. Bd4 Rd3 30.
Bb6 Rxd8 31. Bxd8 Bc5 32. Ba5 Bd4 33. b4 Ke7 34. b5 cxb5 35. cxb5 Kd6 36. Bb4+ Kc7 37. Bf8 Kb6 38. h4 Kxb5 39. h5 Kc6 40. g5 g6 41. hxg6 hxg6 42. Bb4 Kd5 43. Bd2 Ke5 44. g4 Kd5 45.
Bc1 Ke5 46. Bd2 Bg1 47. Bc1 Bh2 48.
Kf2 Bf4 0-1

[Event "Chpt France Universitaire 2024"]
[Site "Bastia, France"]
[Date "2024.04.07"]
[Round "8.4"]
[White "Eveno, Nathan"]
[Black "Gryshko, Vitalii"]
[Result "1/2-1/2"]
[TimeControl "15min+5s"]
[WhiteElo "2192"]
[BlackElo "2288"]

1. e4 c5 2. Nf3 d6 3. Bb5+ Bd7 4. Bxd7+ Qxd7 5. O-O Nc6 6.
c3 Nf6 7. Re1 e6 8. d4 Be7 9. d5 Na5 10. Na3 b5 11. dxe6 fxe6 12. e5 dxe5 13. Qxd7+ Nxd7 14. Nxb5 Rb8 15. Na3 Bf6 16. Nd2 Ke7 17.
Nac4 Nc6 18. Ne4 h6 19. Be3 Rhd8 20. Nxc5 Nxc5 21. Bxc5+ Kf7 22. Nd6+ Kg6 23. b4 Be7 24. Ne4 Bxc5 25. Nxc5 Rd2 26. Nxe6 Rc2 27. Rec1 Rb2 28. Nc5 Rd8 29. Ne4 Ne7 30. a4 Kf5 31.
Re1 Ng6 32. Re2 Rxe2 33. Ng3+ Ke6 34. Nxe2 Rd2 35. Kf1 Kd5 36.
b5 Kc5 37. g3 Ne7 38. Rb1 Nd5 39. Rc1 Kc4 40. a5 Ra2 41. b6 axb6 42. axb6 Nxb6 43. Rb1 Nd5 44. Rb7 Ra1+ 45. Kg2 Re1 46. Ng1 g5 47. Nf3 Re2 48. Kf1 Ra2 1/2-1/2

[Event "Chpt France Universitaire 2024"]
[Site "Bastia, France"]
[Date "2024.04.07"]
[Round "8.5"]
[White "Pheng, Wissam"]
[Black "Harutyunyan, Safar"]
[Result "0-1"]
[TimeControl "15min+5s"]
[WhiteElo "1975"]
[BlackElo "2266"]

1. e4 c5 2. b3 Nf6 3.
e5 Nd5 4. Bb2 g6 5. Qf3 Nb4 6. Na3 N8c6 7. Bc4 e6 8.
Ne2 Bg7 9. Qg3 d5 10. Bb5 a6 11. Bxc6+ Nxc6 12. O-O O-O 13. f4 b5 14. d4 b4 15. Nb1 Qb6 16. Qf2 c4 17. a3 cxb3 18.
cxb3 a5 19. a4 Ba6 20. Re1 Rac8 21. Nd2 h5 22. Rac1 Ne7 23. Nf3 Nf5 24. Ng3 Nxg3 25. hxg3 Bd3 26. Rc5 Rc7 27. Rxc7 Qxc7 28.
Rc1 Qb7 29. Qd2 Be4 30. Ng5 Bf5 31. Rc5 Qa6 32. Qc1 Bh6 33. Nf3 Qd3 34. Rxa5 Qxb3 35. Kh2 Bg4 36. Nd2 Qd3 37. Nf1 Be2 38.
Kg1 0-1

[Event "Chpt France Universitaire 2024"]
[Site "Bastia, France"]
[Date "2024.04.07"]
[Round "8.6"]
[White "Blanquet, Camille"]
[Black "Maache, Jawad"]
[Result "0-1"]
[TimeControl "15min+5s"]
[WhiteElo "2035"]
[BlackElo "2154"]

1. d4 d5 2. c4 e6 3.
Nc3 c6 4. Nf3 Nf6 5. g3 Be7 6. Bg2 O-O 7. O-O Nbd7 8. Qd3 b6 9. cxd5 cxd5 10. Bf4 Bb7 11. Nb5 Ba6 12. Rac1 Ne4 13.
a4 Bd6 14. Ne5 Bxe5 15. dxe5 Nec5 16. Qc2 Bxb5 17. axb5 a5 18. h4 a4 19. Rfd1 Nb3 20. Rb1 Ndc5 21. Be3 Qe8 22. Bd4 Qxb5 23.
e4 Nxd4 24. Rxd4 Nb3 25. Rd3 d4 26. f4 Rac8 27. Qd1 Qc4 28. Qf3 Qc2 29. Rbd1 Qxb2 30. h5 h6 31. f5 Rc1 32. f6 g5 33. hxg6 fxg6 34. Qg4 Kf7 35.
Bh3 Nc5 36. Rxc1 Qxc1+ 37. Rd1 Qe3+ 38. Kh2 h5 39. Qf4 Qxf4 40. gxf4 Rd8 41. f5 gxf5 42. exf5 exf5 43. Bxf5 Rd5 44.
Re1 Ne6 45. Kg3 d3 46. Bxe6+ Kxe6 47. Rf1 Rd7 48. Kf4 d2 49. Rd1 a3 50. Kg5 Kxe5 51. Kg6 Rd6 52. Kg7 Rxf6 53. Rxd2 Rf3 54. Kg6 b5 55. Rh2 b4 56.
Rxh5+ Kd4 57. Kg5 Kc3 58. Kg4 Rf8 59. Rh3+ Kb2 60. Rh2+ Kb3 61. Rh3+ Ka4 62. Kg5 a2 63. Rh7 b3 64. Rb7 Ka3 0-1

[Event "Chpt France Universitaire 2024"]
[Site "Bastia, France"]
[Date "2024.04.07"]
[Round "8.7"]
[White "Pacteau, Andre"]
[Black "Soreda, Matteo"]
[Result "1-0"]
[TimeControl "15min+5s"]
[WhiteElo "2099"]
[BlackElo "1954"]

1. e4 e5 2. Nc3 Nc6 3. g3 Bc5 4. d3 d6 5. Be3 Bxe3 6. fxe3 Nf6 7. Bg2 Ne7 8. d4 O-O 9. Qd2 c5 10.
d5 Qa5 11. Nge2 b5 12. O-O Qb6 13. Rxf6 gxf6 14. Rf1 Kg7 15. h3 h5 16. Kh2 Rh8 17. Ng1 b4 18. Qf2 Rh6 19. Nce2 Qa6 20.
Nc1 Qc4 21. Bf3 Bg4 22. b3 Qb5 23. Nd3 c4 24. Nb2 cxb3 25. cxb3 Rc8 26. Nc4 Qd7 27. Kg2 Bxf3+ 28. Nxf3 Ng6 29. Qd2 Qe7 30. Qxb4 Rc5 31. Ne1 h4 32.
g4 Nf8 33. Nd3 Rc7 34. Qxd6 Qxd6 35.
Nxd6 Rc2+ 36. Rf2 Rc3 37. Nf5+ Kg6 38. Nxh6 Rxd3 39. Nf5 Kg5 40.
d6 Ne6 41. Rc2 a5 42. Rc8 Rd2+ 43. Kf3 Rh2 44. Rg8+ 1-0

[Event "Chpt France Universitaire 2024"]
[Site "Bastia, France"]
[Date "2024.04.07"]
[Round "8.8"]
[White "Dubuisson, Samuel"]
[Black "Paris, Romain"]
[Result "1/2-1/2"]
[TimeControl "15min+5s"]
[WhiteElo "2129"]
[BlackElo "1898"]

1. Nf3 Nf6 2. g3 d5 3. Bg2 c5 4. c4 e6 5. O-O Be7 6. b3 O-O 7. cxd5 exd5 8. e3 Nc6 9. d4 Bf5 10.
dxc5 Bxc5 11. Bb2 Re8 12. Nbd2 d4 13. exd4 Nxd4 14. Nxd4 Bxd4 15. Bxd4 Qxd4 16. Bxb7 Rad8 17. Nc4 Qc5 18.
Qf3 Rd3 19. Ne3 Bg6 20. Rfe1 h6 21. Qc6 Qh5 22. Qc4 Red8 23. Kg2 Rxe3 24. Rxe3 Ng4 25. Qe2 Qxh2+ 26. Kf3 Bh5 27. Re8+ Kh7 28. Qe4+ Bg6 29. Rxd8 Qxf2+ 30. Kxg4 f5+ 31. Kh3 fxe4 32. Bc8 Bf5+ 33. Bxf5+ Qxf5+ 34. Kh2 e3 35. Rdd1 Qf2+ 36. Kh3 e2 37. Rg1 h5 38.
Rg2 Qf5+ 39. Kh2 Qc2 40. Re1 Qxa2 41. b4 Qc4 42. Rgxe2 Qxb4 43. Re5 Qb2+ 44. R1e2 Qb6 45. Rxh5+ Kg6 46.
Rhe5 Kh7 47. Rh5+ Kg6 48. Rhe5 Kh7 49. Rh5+ Kg6 1/2-1/2

[Event "Chpt France Universitaire 2024"]
[Site "Bastia, France"]
[Date "2024.04.07"]
[Round "8.9"]
[White "Defromont, Benjamin"]
[Black "Lahoche, Dorian"]
[Result "1/2-1/2"]
[TimeControl "15min+5s"]
[WhiteElo "2393"]
[BlackElo "2146"]

1. e4 e5 2. Nf3 Nc6 3. Bb5 a6 4. Ba4 Nf6 5. O-O Be7 6. Re1 b5 7. Bb3 d6 8. c3 O-O 9. h3 Nb8 10.
d4 Nbd7 11. c4 c6 12. Nc3 Qc7 13. a3 exd4 14. Nxd4 Ne5 15. cxb5 axb5 16. Bf4 Ng6 17. Bg3 Rd8 18. Rc1 Qb6 19.
Kh2 Ra7 20. f4 Ba6 21. Nf5 Bf8 22. Qf3 b4 23. axb4 Qxb4 24. Na2 Qb7 25. e5 dxe5 26. fxe5 Rd3 27. Re3 Qxb3 28. Rxd3 Qxd3 29.
Qf2 Ra8 30. exf6 Bc8 31. fxg7 Qxf5 32. gxf8=Q+ Kxf8 33. Bd6+ Kg8 34. Qxf5 Bxf5 35. Nb4 Rd8 36. Rxc6 Be4 37. Rb6 Rc8 38. Rb8 Rxb8 39. Bxb8 Kf8 40.
Kg3 Ke7 41. Na6 Bc6 42. Nc5 Nf8 43. Nd3 Nd7 44. Bf4 Ke6 45. Kf2 Be4 46. Nc1 Kd5 47. g4 Nc5 48. Ke3 Bg2 49. h4 Kc4 50. Be5 Bf1 51. Bd4 Nb3 52. Nxb3 Kxb3 53. Kf4 Kc4 54. Bg7 Bd3 55. Ke5 Be2 56. g5 Bh5 57. Kf6 Kb3 58. Ke7 Bg6 59. Bc3 Bh5 60. Kf6 Bg6 61.
Kg7 Kc4 62. Kh6 Bd3 63. Kg7 Bg6 64. Kf6 Kb3 65. Be5 Bh5 66. Kf5 Kc4 67. Bd6 Kb3 68. Be5 Kc4 69. Kf4 Kb3 70. Bg7 Kc4 71. Bf8 Kb3 72. Ba3 Kc4 73. b4 Bg6 74. Kg4 Kb3 75.
b5 Kxa3 76. Kf4 Bd3 77. b6 Ba6 78. Kf5 Kb4 79. Kf6 Kc5 80. Kxf7 Kxb6 81. Kg7 Bd3 82. h5 Kc6 83. Kf6 Kd6 84. g6 Bxg6 85. hxg6 hxg6 86. Kxg6 Ke5 1/2-1/2

[Event "Chpt France Universitaire 2024"]
[Site "Bastia, France"]
[Date "2024.04.07"]
[Round "8.10"]
[White "Cahen, Alexis"]
[Black "Djidjeli, Sarah"]
[Result "1/2-1/2"]
[TimeControl "15min+5s"]
[WhiteElo "2060"]
[BlackElo "2080"]

1. e4 c5 2. c4 Nc6 3. Nc3 e5 4.
g3 d6 5.
Bg2 g6 6. Nge2 Bg7 7. Rb1 Nge7 8. a3 a5 9. d3 O-O 10. O-O Be6 11. Nd5 Nd4 12. Bd2 Nec6 13. Nec3 Rb8 14. f4 f5 15.
a4 Kh8 16. Be3 Bd7 17. b3 b6 18. Qd2 Be6 19. Kh1 Qd7 20. Rf2 Rf7 21. Rff1 Rff8 22.
Rf2 Rf7 23. Rff1 Rff8 24. Rf2 1/2-1/2

[Event "Chpt France Universitaire 2024"]
[Site "Bastia, France"]
[Date "2024.04.07"]
[Round "8.11"]
[White "Morison, Julien"]
[Black "Aghamir Alrobiai, Nizar"]
[Result "1-0"]
[TimeControl "15min+5s"]
[WhiteElo "1926"]
[BlackElo "2098"]

1. e4 e6 2. d4 d5 3. exd5 exd5 4. c4 Bb4+ 5. Nc3 Ne7 6. Bd3 dxc4 7. Bxc4 O-O 8. Nge2 Nd7 9. O-O Nb6 10. Bd3 Bf5 11. a3 Bxd3 12. Qxd3 Bd6 13.
Ng3 Bxg3 14. fxg3 Qd7 15. Ne4 Rad8 16. Be3 Nbd5 17. Bg5 f6 18. Bd2 b6 19. Rae1 Kh8 20. Bc3 Rfe8 21. g4 Qxg4 22.
Rf3 Nf4 23. Qd2 Ned5 24. Ng3 h5 25. Ref1 Ng6 26. Nf5 h4 27. Rh3 Re2 28. Nxh4 Rxd2 29. Nxg6+ Kg8 30. Rh8+ Kf7 31. Ne5+ Ke7 32. Nxg4 Nxc3 33. Rxd8 Ne2+ 34.
Kf2 Kxd8 35. Ke3 Rxb2 36. Rf2 Rb3+ 37. Kxe2 Rxa3 38. Rf1 a5 39. Ne3 Ra2+ 40. Kd3 b5 41. Rb1 b4 42. Kc4 Re2 43.
Kd3 Ra2 44. h4 Ke8 45. g3 Kf7 46. Rc1 Ra3+ 47. Ke4 a4 48. Rxc7+ Kg8 49. Nf5 b3 50. Rxg7+ Kf8 51. Rb7 Ra2 52. h5 Rh2 53. h6 b2 54. Kd5 Rxh6 55. Nxh6 a3 56. Ke6 a2 57. Rf7+ Ke8 58.
Nf5 Kd8 59. Nd6 1-0

[Event "Chpt France Universitaire 2024"]
[Site "Bastia, France"]
[Date "2024.04.07"]
[Round "8.12"]
[White "Sumarriva Paulin, Laura"]
[Black "Bosc, Seraphina"]
[Result "0-1"]
[TimeControl "15min+5s"]
[WhiteElo "2046"]
[BlackElo "2216"]

1. e4 e6 2. d4 d5 3. exd5 exd5 4. c4 Nf6 5. Nc3 Bd6 6. Bd3 dxc4 7. Bxc4 O-O 8. Nf3 Bg4 9. O-O Nbd7 10. Bg5 c6 11. Bb3 Qc7 12. h3 Bh5 13. Rc1 Bf4 14. Bxf4 Qxf4
15. Ne2 Qd6 16. Qd3 Nb6 17. Rfd1 Rad8 18. Ng3 Bg6 19. Qd2 Nh5 20. Ne2 Rfe8 21. Nh4 Qe7 22. Nxg6 hxg6 23. Nc3 Nf6 24. Qg5 Nfd5 25. Qg4 Qd7 26. Qf3 Qf5 27. Qg3 Qf4 28. Qd3 Re7 29. a3 Red7 30. Ba2 g5 31. Ne2 Qf6 32. Ng3 Nf4 33. Qf3 Nxh3+ 34. Kh2 Qxf3 35. gxf3 Nf4 36. Ne4 Rxd4 37. Rxd4 Rxd4 38. Nxg5 Nbd5 39. Re1 g6 40. Re8+ Kg7 41. Rd8 Rd2 42. Rd7 Rxf2+ 43. Kg3 Rxb2 44. Rxf7+ Kg8 45. Bxd5 Nxd5 46. Rd7 Kf8 47. Ne4 Ke8 48. Rg7 a5 49. Rxg6 Kf7 50. Rd6 Ke7 51. Rh6 a4 52. Nc5 b5 53. Kg4 Nf6+ 54. Kf5 Rc2 55. Nd3 Ne8 56. Ne5 Nd6+ 57. Kf4 b4 58. Rh7+ Ke8 59. Kg5 bxa3 60. Kf6 Kd8 61. Rd7+ Kc8 62.
Rxd6 a2 63. Ke7 0-1

[Event "Chpt France Universitaire 2024"]
[Site "Bastia, France"]
[Date "2024.04.07"]
[Round "9.1"]
[White "Dalaud, Dorian"]
[Black "Gatineau, Yovann"]
[Result "0-1"]
[TimeControl "15min+5s"]
[WhiteElo "2307"]
[BlackElo "2408"]

1. e4 e6 2. d4 d5 3. e5 c5 4.
c3 Nc6 5. Nf3 Nge7 6. h4 Bd7 7. Bd3 cxd4 8. cxd4 Nf5 9. Bxf5 exf5 10. Nc3 Be6 11. Bg5 Qb6 12. Qd2 h6 13. Be3 Be7 14. O-O Qd8 15. Rac1 Bxh4 16. Nxh4 Qxh4 17. Nb5 O-O 18. Nd6 Rab8 19. b4 g5 20. f3 f4 21.
Bf2 Qh5 22. b5 Ne7 23. Rc7 Ng6 24. Rfc1 g4 25. fxg4 Bxg4 26. Qd3 f3 27. g3 Bh3 28. Be3 Be6 29. Qd2 Qg4 30. Qh2 h5 31.
Kf2 b6 32. Qh1 Ra8 33. Qxf3 a6 34. Qxg4 hxg4 35. R1c2 axb5 36. Nxb5 Ra5 37. Nc3 Rfa8 38. Rb2 R8a6 39. Rb7 Ra3 40. Rc7 Ne7 41. Bg5 Nf5 42. Bf6 Nxd4 43.
Rb7 Rxc3 44. R7xb6 Rxb6 45. Rxb6 Kh7 46. Rb2 Kg6 47. Rd2 Nf3 48. Rb2 Kf5 49. a4 Ra3 50. Rb4 d4 51. Kf1 Kxe5 0-1

[Event "Chpt France Universitaire 2024"]
[Site "Bastia, France"]
[Date "2024.04.07"]
[Round "9.2"]
[White "Rakotomaharo, Fy Antenaina"]
[Black "Budak, Rewi"]
[Result "1-0"]
[TimeControl "15min+5s"]
[WhiteElo "2448"]
[BlackElo "2112"]

1. e4 c5 2. a4 Nf6 3. e5 Nd5 4. Nc3 Nxc3 5. dxc3 d5 6. exd6 e5 7. Bb5+ Nc6 8. Bxc6+ bxc6 9. Qf3 Qxd6 10.
Ne2 Qd5 11. Qg3 Ba6 12. Be3 Rd8 13.
b3 Rd6 14. c4 Qe4 15. Nc3 Qxc2 16. Qxe5+ Be7 17. Rc1 Qxb3 18. O-O Re6 19. Qxg7 Bf6 20. Qg3 Bxc3 21. Rxc3 Qxc3 22. Qb8+ Ke7 23.
Bxc5+ Kf6 24. Qxh8+ 1-0

[Event "Chpt France Universitaire 2024"]
[Site "Bastia, France"]
[Date "2024.04.07"]
[Round "9.3"]
[White "Harutyunyan, Safar"]
[Black "Pacteau, Andre"]
[Result "0-1"]
[TimeControl "15min+5s"]
[WhiteElo "2266"]
[BlackElo "2099"]

1. e4 e6 2. d4 d5 3.
Nc3 Nf6 4. e5 Nfd7 5. Nce2 c5 6. c3 Nc6 7. Nf3 cxd4 8. cxd4 Bb4+ 9. Bd2 Be7 10. a3 f5 11. exf6 Nxf6 12. Nf4 Qb6 13. Bc3 O-O 14. Be2 Bd7 15.
O-O Bd6 16. Nd3 Ne4 17. Rc1 Nxc3 18. bxc3 Bxa3 19. Rb1 Qc7 20. Qb3 Bd6 21. Qxb7 Rfc8 22. Qa6 Rcb8 23. c4 dxc4 24. Qxc4 Rxb1 25.
Rxb1 Rb8 26. Rc1 Qa5 27. Nc5 Bxc5 28. dxc5 Qb4 29. Qd3 Rd8 30. Qe3 a5 31. Rd1 Bc8 32.
Rxd8+ Nxd8 33. Qd3 Nf7 34. Qb5 Kf8 35. h4 Ke7 36. Qc6 Qb7 37. Qa4 Qb4 38. Qc6 Qb7 39. Nd4 Qb1+ 40. Kh2 Qb8+ 41. g3 Qe5 42. Qxc8 Qxd4 43. Qc7+ Ke8 44. Bb5+ Kf8 45. Qb8+ Ke7 46. Qb7+ Kf6 47.
Qf3+ Ke7 48. c6 Ne5 49. Qa3+ Kf7 50. Qa2 Qc5 51. c7 Qxc7 52. Qe2 Qc5 53. f4 Nc6 54. Bc4 Nd4 55. Qd3 a4 0-1

[Event "Chpt France Universitaire 2024"]
[Site "Bastia, France"]
[Date "2024.04.07"]
[Round "9.4"]
[White "Gryshko, Vitalii"]
[Black "Roux, Baptiste"]
[Result "0-1"]
[TimeControl "15min+5s"]
[WhiteElo "2288"]
[BlackElo "2361"]

1. a3 d5 2. Nf3 Nf6 3. e3 e6 4.
c4 dxc4 5. Bxc4 a6 6. d4 b5 7. Ba2 Bb7 8. O-O Nbd7 9. Nc3 Bd6 10. Qe2 c5 11. Rd1 Qe7 12. e4 cxd4 13. e5 dxc3 14.
exd6 Qd8 15. bxc3 O-O 16. Bg5 h6 17. Bh4 Rc8 18. Ne5 g5 19. Nxd7 Nxd7 20. Qh5 Qf6 21. Bg3 Rxc3 22. h4 Rxg3 23.
fxg3 Qb2 24. Bd5 Bxd5 25. Rxd5 exd5 26. Rf1 Qg7 27. Qg4 Ne5 28. Qf5 Rd8 29. Rc1 Nc4 30.
d7 Qd4+ 31. Kh2 Qe4 32. Qf6 Rxd7 33. Qxa6 Rd6 34. Qxb5 gxh4 35. Rxc4 hxg3+ 36. Kh3 dxc4 37. Qb8+ Kg7 38. Qxd6 Qe6+ 39. Qxe6 fxe6 40. a4 c3 0-1

[Event "Chpt France Universitaire 2024"]
[Site "Bastia, France"]
[Date "2024.04.07"]
[Round "9.5"]
[White "Maache, Jawad"]
[Black "Morison, Julien"]
[Result "1/2-1/2"]
[TimeControl "15min+5s"]
[WhiteElo "2154"]
[BlackElo "1926"]

1. d4 Nf6 2. Nc3 d5 3. Bf4 g6 4. e3 Bg7 5. h4 c5 6. Be2 a6 7. h5 Nc6 8. h6 Bf8 9. Be5 c4 10.
g4 Be6 11. Bf3 Qa5 12. Nh3 O-O-O 13. Nf4 g5 14. Nxe6 fxe6 15. Bg2 Nxe5 16. dxe5 Ng8 17. Qd4 Nxh6 18. O-O-O Bg7 19. e4 Nxg4 20.
exd5 Nxe5 21. Kb1 Bf6 22. Qa7 Qc7 23. dxe6 Nc6 24. Qa8+ Qb8 25. Qxb8+ Kxb8 26. Bxc6 bxc6 27. Ne4 Rxd1+ 28. Rxd1 Kc7 29. Rd7+ Kb6 30. a4 c5 31. Nd2 h5 32. Nxc4+ Kc6 33. c3 h4 34. b4 cxb4 35. cxb4 Rb8 36. Na5+ Kb6 37. Nc4+ Kc6 38. Na5+ Kb6 39. Nc4+ Kc6 1/2-1/2

[Event "Chpt France Universitaire 2024"]
[Site "Bastia, France"]
[Date "2024.04.07"]
[Round "9.6"]
[White "Bosc, Seraphina"]
[Black "Eveno, Nathan"]
[Result "1-0"]
[TimeControl "15min+5s"]
[WhiteElo "2216"]
[BlackElo "2192"]

1. e4 c5 2. Nc3 a6 3. g3 b5 4. Bg2 Bb7 5. d3 e6 6. Nge2 d5 7. exd5 Nf6 8. Bg5 Be7 9. O-O b4 10.
Bxf6 gxf6 11. Ne4 Bxd5 12. Nf4 Bc6 13. Qh5 Qc8 14. Rfe1 e5 15. Bh3 Nd7 16. Ne6 Qb7 17. Ng7+ Kd8 18. Qxf7 Bd5 19. Ne6+ Bxe6 20. Qxe6 a5 21.
c3 Ra6 22. Qf5 h5 23. d4 cxd4 24. cxd4 h4 25.
dxe5 Nxe5 26. Rad1+ Kc7 27. Bg2 hxg3 28. hxg3 Qc8 29. Rc1+ Rc6 30. Qf4 Kb6 31.
Qe3+ Kc7 32. Qa7+ Kd8 33. Qxa5+ Qc7 34. Red1+ Ke8 35. Qxc7 1-0

[Event "Chpt France Universitaire 2024"]
[Site "Bastia, France"]
[Date "2024.04.07"]
[Round "9.7"]
[White "Paris, Romain"]
[Black "Baroyan, Davit"]
[Result "0-1"]
[TimeControl "15min+5s"]
[WhiteElo "1898"]
[BlackElo "2118"]

1. d4 d5 2. Nf3 e6 3. c4 c6 4. Nc3 dxc4 5. a4 Bb4 6.
e3 b5 7.
Be2 Bb7 8. O-O a6 9. e4 Nf6 10. Qc2 Qb6 11. Bg5 Nbd7 12. Rfd1 c5 13. d5 O-O 14. dxe6 Qxe6 15. Nd2 Bxc3 16.
Qxc3 Nxe4 17. Nxe4 Bxe4 18. Bf4 Nf6 19. Rd6 Nd5 20. Qd2 Qf5 21. Bg3 Rad8 22. Rxd8 Rxd8 23. axb5 axb5 24. Qa5 Qd7 25.
Rd1 Re8 26. Bf1 Bd3 27. Bxd3 cxd3 28. Rxd3 Nb4 29. h3 Nxd3 30.
b3 c4 31. bxc4 bxc4 32. Qc3 Qe6 33. Kh2 h5 34. Qd4 h4 35.
Bc7 Qe4 36. Qd7 Ne1 37. f3 Nxf3+ 38. gxf3 Qc2+ 39. Kg1 Re1# 0-1